 Dungeon Crawl Stone Soup version 0.21.1-1-g345015f (webtiles) character file.

458 Verr the Skirmisher (level 6, -7/56 HPs)
             Began as a Demonspawn Fighter on Mar 5, 2018.
             Killed by divine providence
             ... invoked by an orc priest
              (17 damage)
             ... on level 3 of the Dungeon.
             The game lasted 00:21:21 (4877 turns).

Verr the Skirmisher (Demonspawn Fighter)            Turns: 4877, Time: 00:21:22

Health: -7/56      AC: 12    Str: 17 (18) XL:     6   Next: 77%
Magic:  6/6        EV:  4    Int:  8 (9)  God:
Gold:   134        SH:  9    Dex: 12 (13) Spells: 5/5 levels left

rFire    + . .     SeeInvis .   h - +0 morningstar
rCold    + . .     Gourm    .   c - +0 shield
rNeg     . . .     Faith    .   j - +0 chain mail
rPois    +         Spirit   .   (no helmet)
rElec    +         Reflect  .   (no cloak)
rCorr    +         Harm     .   (no gloves)
MR       .....                  (no boots)
Stlth    ..........             (no amulet)
HPRegen  0.18/turn              (no ring)
MPRegen  0.10/turn              (no ring)

@: resistant
A: hooves 1, yellow scales 2, foul stench 1, robust 1, rot immunity
a: no special abilities


You were on level 3 of the Dungeon.
You were not hungry.

You visited 1 branch of the dungeon, and saw 3 of its levels.

You collected 134 gold pieces.

Inventory:

Hand Weapons
 a - a +0 flail
 g - a +0 spear of piercing
 h - a +0 morningstar (weapon)
 m - a +0 halberd of chopping
Missiles
 i - 52 stones (quivered)
Armour
 b - a +0 scale mail
 c - a +0 shield (worn)
 j - a +0 chain mail (worn)
Scrolls
 k - 2 scrolls of identify
 l - a scroll of amnesia
 p - 2 scrolls of fog
Comestibles
 d - a chunk of flesh
 f - 2 rations


   Skills:
 * Level 5.0 Fighting
 * Level 4.1 Maces & Flails
 + Level 3.6 Armour
 + Level 3.7 Shields


You had 5 spell levels left.
You didn't know any spells.

Dungeon Overview and Level Annotations

Branches:
Dungeon (3/15)

Altars:
Nemelex Xobeh
Ru

Annotations:
D:3 GNOLL CASTLE WHAT HELP (10+ w/ Sergeant)


Innate Abilities, Weirdness & Mutations

You are mostly covered in yellow scales. (AC +3)
You may emit foul miasma when damaged in melee.
You are immune to rotting.
You have large cloven feet.
You are robust. (+10% HP)


Message History

You hit the orc wizard but do no damage.
Your kick misses the orc wizard.
The orc wizard is severely wounded.
You block the orc wizard's attack.
The orc wizard casts a spell.
The orc wizard flickers and vanishes!
Deactivating autopickup; reactivate with Ctrl-A.
You miss something. You kick something. You block something's attack.
As you read the scroll labeled JUTHIF MEDUTI, it crumbles to dust.
It is a scroll of identify.
l - a scroll of amnesia Something hits you but does no damage.
You miss something. You kick something.
You hear some strange, mumbled words.
Something hits you but does no damage.
You hit something but do no damage. Your kick misses something.
Something hits you but does no damage.
The orc priest calls down the wrath of Beogh upon you.
Beogh smites you!
You die...

.# #...... # .##### #.# ### .#
#.# ..# #.# #.###.# #.# #.....
#.# #.... #.# ### .... #.#
..o. #.. #@# .....
#.##############{#######o.....
#..>............oo.ooo........
..######################o.....
### ..... .... ###


You could see an orc priest and an orc.

Vanquished Creatures
  A gnoll sergeant (D:3)
  2 orc priests (D:3)
  An orc wizard (D:3)
  16 gnolls
  5 adders
  An ooze (D:1)
  4 worms
  2 dart slugs (D:1)
  4 orcs
  9 bats
  8 giant cockroaches
  6 goblins
  7 hobgoblins
  12 jackals
  12 kobolds
  A ball python (D:1)
  2 frilled lizards
  8 rats
101 creatures vanquished.

Vanquished Creatures (others)
  A goblin (D:1)
  2 plants (D:2)
3 creatures vanquished.

Grand Total: 104 creatures vanquished

Notes
Turn   | Place    | Note
-------+----------+-------------------------------------------
     0 | D:1      | Verr the Demonspawn Fighter began the quest for the Orb.
     0 | D:1      | Reached XP level 1. HP: 18/18 MP: 1/1
   126 | D:1      | Gained mutation: You are immune to rotting. [demonic ancestry]
   126 | D:1      | Reached XP level 2. HP: 21/24 MP: 2/2
   610 | D:1      | Gained mutation: You may emit foul miasma when damaged in melee. [demonic ancestry]
   610 | D:1      | Reached XP level 3. HP: 17/29 MP: 3/3
  1453 | D:2      | Gained mutation: You are partially covered in yellow scales. (AC +2) [demonic ancestry]
  1453 | D:2      | Reached XP level 4. HP: 33/37 MP: 4/4
  1857 | D:2      | Found a sparkling altar of Nemelex Xobeh.
  1996 | D:2      | Reached skill level 4 in Fighting
  2495 | D:2      | Reached XP level 5. HP: 30/42 MP: 5/5
  4184 | D:3      | Gained mutation: You have large cloven feet. [potion of mutation]
  4184 | D:3      | Gained mutation: You are robust. (+10% HP) [potion of mutation]
  4185 | D:3      | Gained mutation: You are mostly covered in yellow scales. (AC +3) [demonic ancestry]
  4185 | D:3      | Reached XP level 6. HP: 18/53 MP: 6/6
  4578 | D:3      | Found a sacrificial altar of Ru.
  4759 | D:3      | Reached skill level 5 in Fighting
  4877 | D:3      | Killed from afar by an orc priest

Skill      XL: |  1  2  3  4  5  6 |
---------------+-------------------+-----
Maces & Flails | 2 3 4 |  4.1
Shields        | 3 |  3.7
Armour         | 3 |  3.6
Fighting       | 4 5 |  5.0

Action                   |  1- 3 |  4- 6 || total
-------------------------+-------+-------++-------
Melee: Flail             |   137 |   219 ||   356
       Morningstar       |       |    79 ||    79
       Kick              |       |    22 ||    22
  Use: Potion            |     1 |     6 ||     7
       Scroll            |       |     4 ||     4
  Eat: Chunk             |     2 |    11 ||    13
Armor: Scale mail        |    77 |   161 ||   238
       Chain mail        |       |    54 ||    54
Dodge: Dodged            |    33 |    95 ||   128
Block: Shield            |    78 |   195 ||   273
